IL
SACRAMENTO RIVER CATS @ GWINNETT BRAVES
05/23/2045
 
TOP OF THE 1ST
Sacramento River Cats batting - Pitching for Gwinnett Braves : RHP Steve Dripps
Pitching: RHP Steve Dripps
Batting: LHB Cesar Arteaga 0-0: Fly out, F8 (Flyball, 8LM, EV 80.6 MPH)
Batting: RHB Yutaka Oki 0-0: Called Strike
0-1: Ball
1-1: Called Strike
1-2: Ball
2-2: Ground out 6-3 (Groundball, 6, EV 85.6 MPH)
Batting: LHB Carey Horncole 0-0: Ball
1-0: Foul Ball, location: 2F
1-1: Swinging Strike
1-2: SINGLE (Groundball, 56D, EV 95.0 MPH)
Batting: RHB Nate Hodson 0-0: Ball
1-0: Ball
Carey Horncole steals 2nd base
2-0: Ball
3-0: Called Strike
3-1: Base on Balls
Batting: LHB David Ramirez 0-0: Ball
1-0: Foul Ball, location: 2F
1-1: Ground out 3-1 (Groundball, 34, EV 107.5 MPH)
Top of the 1st over - 0 runs, 1 hit, 0 errors, 2 left on base; Sacramento 0 - Gwinnett 0
BOTTOM OF THE 1ST
Gwinnett Braves batting - Pitching for Sacramento River Cats : RHP Cortez Laris
Pitching: RHP Cortez Laris
Batting: LHB Davey Schonewille 0-0: Ball
1-0: Ball
2-0: Called Strike
2-1: Foul Ball, location: 2F
2-2: Foul Ball, location: 2F
2-2: Strikes out swinging
Batting: RHB Luis Revilla 0-0: Called Strike
0-1: Ball
1-1: Ground out 6-3 (Groundball, 6, EV 107.5 MPH)
Batting: LHB Edwin Aguilar 0-0: Called Strike
0-1: Ball
1-1: SOLO HOME RUN (Line Drive, 9D, EV 105.0 MPH), Distance : 384 ft
Batting: LHB Helge Jivotovsky 0-0: SINGLE (Flyball, 9S, EV 82.5 MPH)
Batting: RHB Jesse Lester 0-0: Ball
1-0: Foul Ball, location: 2F
1-1: Swinging Strike
1-2: Fly out, F8 (Flyball, 8LM, EV 85.0 MPH)
Bottom of the 1st over - 1 run, 2 hits, 0 errors, 1 left on base; Sacramento 0 - Gwinnett 1
TOP OF THE 2ND
Sacramento River Cats batting - Pitching for Gwinnett Braves : RHP Steve Dripps
Batting: LHB Juan Gonzalez 0-0: Called Strike
0-1: Ball
1-1: SINGLE (Groundball, 4MS, EV 62.5 MPH) (infield hit)
Batting: RHB Martin Guerrero 0-0: Called Strike
0-1: Foul Ball, location: 2F
0-2: Ball
1-2: Strikes out swinging
Batting: LHB Nick Swank 0-0: Called Strike
0-1: Swinging Strike
0-2: SINGLE (Line Drive, 34D, EV 100.0 MPH)
Juan Gonzalez to second
Runner from 2nd tries for 3rd, SAFE, no throw by RF
Batting: RHB Tyler Mapes 0-0: Swinging Strike
0-1: Swinging Strike
0-2: Fielders Choice at 2nd, 3-6 (Groundball, 3, EV 107.5 MPH)
Juan Gonzalez scores
Batting: LHB Cesar Arteaga 0-0: Ball
Tyler Mapes is caught stealing 2nd base 2-6
Top of the 2nd over - 1 run, 2 hits, 0 errors, 0 left on base; Sacramento 1 - Gwinnett 1
BOTTOM OF THE 2ND
Gwinnett Braves batting - Pitching for Sacramento River Cats : RHP Cortez Laris
Batting: LHB Sam Dowdy 0-0: Ball
1-0: Foul Ball, location: 2F
1-1: Ball
2-1: Foul Ball, location: 2F
2-2: Ball
3-2: Ground out 4-3 (Groundball, 34, EV 77.5 MPH)
Batting: RHB Alex Munoz 0-0: Foul Ball, location: 2F
0-1: Swinging Strike
0-2: Ball
1-2: Ball
2-2: Ball
3-2: Strikes out swinging
Batting: RHB Xavier Castellanos 0-0: Ball
1-0: Ball
2-0: Ball
3-0: Called Strike
3-1: Foul Ball, location: 2F
3-2: Ground out U3 (Groundball, 34S, EV 81.2 MPH)
Bottom of the 2nd over - 0 runs, 0 hits, 0 errors, 0 left on base; Sacramento 1 - Gwinnett 1
TOP OF THE 3RD
Sacramento River Cats batting - Pitching for Gwinnett Braves : RHP Steve Dripps
Batting: LHB Cesar Arteaga 0-0: Foul Ball, location: 2F
0-1: Ball
1-1: SINGLE (Groundball, 4S, EV 68.1 MPH) (infield hit)
Batting: RHB Yutaka Oki 0-0: Grounds into double play, 1-6-3 (Groundball, 13S, EV 73.1 MPH)
Batting: LHB Carey Horncole 0-0: Ball
1-0: Ball
2-0: Ball
3-0: Called Strike
3-1: Base on Balls
Batting: RHB Nate Hodson 0-0: Ball
1-0: Foul Ball, location: 2F
1-1: Ball
Carey Horncole steals 2nd base
2-1: TRIPLE (Flyball, 8RXD, EV 103.1 MPH)
Carey Horncole scores
Batting: LHB David Ramirez 0-0: Ball
1-0: Ball
2-0: Called Strike
2-1: Fly out, F6 (Line Drive, 6, EV 72.5 MPH)
Top of the 3rd over - 1 run, 2 hits, 0 errors, 1 left on base; Sacramento 2 - Gwinnett 1
BOTTOM OF THE 3RD
Gwinnett Braves batting - Pitching for Sacramento River Cats : RHP Cortez Laris
Batting: RHB T.J. Jordan 0-0: Called Strike
0-1: Foul Ball, location: 2F
0-2: Strikes out swinging
Batting: LHB Davey Schonewille 0-0: Foul Ball, location: 2F
0-1: SOLO HOME RUN (Flyball, 89XD, EV 99.4 MPH), Distance : 385 ft
Batting: RHB Luis Revilla 0-0: Ball
1-0: Foul Ball, location: 2F
1-1: Ball
2-1: Ball
3-1: Base on Balls
Batting: LHB Edwin Aguilar 0-0: Grounds into double play, U6-3 (Groundball, 4M, EV 88.8 MPH)
Bottom of the 3rd over - 1 run, 1 hit, 0 errors, 0 left on base; Sacramento 2 - Gwinnett 2
TOP OF THE 4TH
Sacramento River Cats batting - Pitching for Gwinnett Braves : RHP Steve Dripps
Batting: LHB Juan Gonzalez 0-0: Ground out 5-3 (Groundball, 56, EV 84.4 MPH)
Batting: RHB Martin Guerrero 0-0: Foul Ball, location: 2F
0-1: Ball
1-1: Foul Ball, location: 2F
1-2: Ball
2-2: Ball
3-2: Ground out 4-3 (Groundball, 4M, EV 81.9 MPH)
Batting: LHB Nick Swank 0-0: Ball
1-0: Foul Ball, location: 2F
1-1: Fly out, F8 (Flyball, 78M, EV 86.2 MPH)
Top of the 4th over - 0 runs, 0 hits, 0 errors, 0 left on base; Sacramento 2 - Gwinnett 2
BOTTOM OF THE 4TH
Gwinnett Braves batting - Pitching for Sacramento River Cats : RHP Cortez Laris
Batting: LHB Helge Jivotovsky 0-0: Ball
1-0: Foul Ball, location: 2F
1-1: Called Strike
1-2: Fly out, F9 (Line Drive, 9, EV 100.0 MPH)
Batting: RHB Jesse Lester 0-0: Called Strike
0-1: Foul Ball, location: 2F
0-2: Ball
1-2: Ball
2-2: Ball
3-2: Base on Balls
Batting: LHB Sam Dowdy 0-0: Ball
1-0: Ball
2-0: Ball
3-0: Called Strike
3-1: Base on Balls
Jesse Lester to second
Batting: RHB Alex Munoz 0-0: Called Strike
0-1: Ball
1-1: Called Strike
1-2: Ball
2-2: Fly out, F9 (Flyball, 89D, EV 104.4 MPH)
Runner from 2nd tags up, SAFE at 3rd, no throw by RF
Batting: RHB Xavier Castellanos 0-0: Called Strike
Sam Dowdy steals 2nd base
0-1: Ball
1-1: Ball
2-1: Foul Ball, location: 2F
2-2: Ball
3-2: Strikes out swinging
Bottom of the 4th over - 0 runs, 0 hits, 0 errors, 2 left on base; Sacramento 2 - Gwinnett 2
TOP OF THE 5TH
Sacramento River Cats batting - Pitching for Gwinnett Braves : RHP Steve Dripps
Batting: RHB Tyler Mapes 0-0: Foul Ball, location: 2F
0-1: Ball
1-1: Ground out 5-3 (Groundball, 56, EV 104.4 MPH)
Batting: LHB Cesar Arteaga 0-0: Ball
1-0: Swinging Strike
1-1: Ball
2-1: Ball
3-1: Base on Balls
Batting: RHB Yutaka Oki 0-0: Ball
Cesar Arteaga steals 2nd base (no throw)
1-0: Ball
2-0: Ball
3-0: Called Strike
3-1: Called Strike
3-2: SINGLE (Groundball, 6S, EV 69.4 MPH) (infield hit)
Cesar Arteaga to third
Batting: LHB Carey Horncole 0-0: Ball
1-0: Ball
2-0: Ball
3-0: Foul Ball, location: 2F
3-1: Base on Balls
Yutaka Oki to second
Batting: RHB Nate Hodson 0-0: Ball
1-0: Ball
2-0: SINGLE (Flyball, 8LS, EV 92.5 MPH)
Cesar Arteaga scores
Yutaka Oki to third
Carey Horncole to second
Runner from 3rd tries for Home, SAFE, throw by CF to home
Batting: LHB David Ramirez 0-0: Called Strike
Carey Horncole steals 3rd base (no throw)
Nate Hodson to second
0-1: Ball
1-1: Ball
2-1: Swinging Strike
2-2: Ground out 6-3 (Groundball, 6, EV 88.8 MPH)
Carey Horncole scores
Nate Hodson to third
Pitching: RHP Chong-hun Park
Batting: LHB Juan Gonzalez 0-0: Foul Ball, location: 2F
0-1: Called Strike
0-2: Strikes out swinging
Top of the 5th over - 3 runs, 2 hits, 0 errors, 1 left on base; Sacramento 5 - Gwinnett 2
BOTTOM OF THE 5TH
Gwinnett Braves batting - Pitching for Sacramento River Cats : RHP Cortez Laris
Batting: RHB T.J. Jordan 0-0: Ground out 5-3 (Groundball, 56, EV 105.0 MPH)
Batting: LHB Davey Schonewille 0-0: Ball
1-0: Foul Ball, location: 2F
1-1: Swinging Strike
1-2: Ball
2-2: Strikes out looking
Batting: RHB Luis Revilla 0-0: Ball
1-0: Ball
2-0: TRIPLE (Flyball, 89XD, EV 106.9 MPH)
Batting: LHB Edwin Aguilar 0-0: Swinging Strike
0-1: Called Strike
0-2: Ball
1-2: Foul Ball, location: 2F
1-2: Strikes out swinging
Bottom of the 5th over - 0 runs, 1 hit, 0 errors, 1 left on base; Sacramento 5 - Gwinnett 2
TOP OF THE 6TH
Sacramento River Cats batting - Pitching for Gwinnett Braves : RHP Chong-hun Park
Batting: RHB Martin Guerrero 0-0: Foul Ball, location: 2F
0-1: Ball
1-1: Foul Ball, location: 2F
1-2: Foul Ball, location: 2F
1-2: Ground out U3 (Groundball, 13, EV 86.9 MPH)
Batting: LHB Nick Swank 0-0: Ball
1-0: Ball
2-0: Called Strike
2-1: Fly out, F7 (Flyball, 7LS, EV 92.5 MPH)
Batting: RHB Tyler Mapes 0-0: Ball
1-0: Foul Ball, location: 2F
1-1: Ball
2-1: DOUBLE (Line Drive, 9LM, EV 100.0 MPH)
Batting: LHB Cesar Arteaga 0-0: Called Strike
0-1: Swinging Strike
0-2: Ball
1-2: Foul Ball, location: 2F
1-2: Ball
2-2: Ground out 5-3 (Groundball, 56S, EV 86.9 MPH)
Top of the 6th over - 0 runs, 1 hit, 0 errors, 1 left on base; Sacramento 5 - Gwinnett 2
BOTTOM OF THE 6TH
Gwinnett Braves batting - Pitching for Sacramento River Cats : RHP Cortez Laris
Batting: LHB Helge Jivotovsky 0-0: DOUBLE (Flyball, 8RXD, EV 96.9 MPH)
Batting: RHB Jesse Lester 0-0: 2-RUN HOME RUN (Flyball, 7D, EV 96.9 MPH), Distance : 364 ft
Batting: LHB Sam Dowdy 0-0: Ball
1-0: Foul Ball, location: 2F
1-1: Ball
2-1: Ball
3-1: Swinging Strike
3-2: Foul Ball, location: 2F
3-2: Base on Balls
Batting: RHB Alex Munoz 0-0: Ball
1-0: Ball
2-0: Ball
3-0: Called Strike
3-1: Grounds into double play, 6-4-3 (Groundball, 6, EV 100.6 MPH)
Batting: RHB Xavier Castellanos 0-0: Ball
1-0: Foul Ball, location: 2F
1-1: Foul Ball, location: 2F
1-2: Ball
2-2: Ball
3-2: Foul Ball, location: 2F
3-2: Fly out, F8 (Flyball, 8LM, EV 76.2 MPH)
Bottom of the 6th over - 2 runs, 2 hits, 0 errors, 0 left on base; Sacramento 5 - Gwinnett 4
TOP OF THE 7TH
Sacramento River Cats batting - Pitching for Gwinnett Braves : RHP Chong-hun Park
Batting: RHB Yutaka Oki 0-0: SINGLE (Groundball, 4M, EV 91.9 MPH) (infield hit)
Batting: LHB Carey Horncole 0-0: Foul Ball, location: 2F
0-1: Ball
1-1: Ball
2-1: Foul Ball, location: 2F
2-2: DOUBLE (Flyball, 89XD, EV 110.6 MPH)
Yutaka Oki to third
Batting: RHB Nate Hodson 0-0: Fly out, F8 (Line Drive, 8LD, EV 93.1 MPH)
Runner from 3rd tags up, SCORES, throw by CF
Carey Horncole to third
Batting: LHB David Ramirez 0-0: Ball
1-0: Ball
2-0: Ball
3-0: Called Strike
3-1: Foul Ball, location: 2F
3-2: Base on Balls
Batting: LHB Juan Gonzalez 0-0: Called Strike
0-1: Ball
1-1: Called Strike
1-2: Strikes out looking
David Ramirez steals 2nd base
Batter strikes out.
Batting: RHB Martin Guerrero 0-0: Fly out, F9 (Flyball, 9LS, EV 86.2 MPH)
Top of the 7th over - 1 run, 2 hits, 0 errors, 2 left on base; Sacramento 6 - Gwinnett 4
BOTTOM OF THE 7TH
Gwinnett Braves batting - Pitching for Sacramento River Cats : RHP Cortez Laris
Pitching: RHP Herman Ruiz
Batting: RHB T.J. Jordan 0-0: SINGLE (Groundball, 6MD, EV 96.9 MPH)
Batting: LHB Davey Schonewille 0-0: Called Strike
0-1: DOUBLE (Flyball, 8RXD, EV 98.8 MPH)
T.J. Jordan to third
Batting: RHB Luis Revilla 0-0: Ball
1-0: Ball
2-0: Ball
3-0: Base on Balls
Batting: LHB Edwin Aguilar 0-0: Ball
1-0: Fly out, F7 (Flyball, 78M, EV 87.5 MPH)
Batting: LHB Helge Jivotovsky 0-0: Called Strike
0-1: GRAND SLAM HOME RUN (Flyball, 89XD, EV 104.4 MPH), Distance : 397 ft
Pitching: RHP Taiji Morita
Batting: RHB Jesse Lester 0-0: Ball
1-0: Called Strike
1-1: Ball
2-1: Foul Ball, location: 2F
2-2: Ball
3-2: Base on Balls
Batting: LHB Sam Dowdy 0-0: Called Strike
0-1: Fly out, F8 (Line Drive, 8RD, EV 90.0 MPH)
Batting: RHB Alex Munoz 0-0: Called Strike
Jesse Lester steals 2nd base
0-1: Called Strike
0-2: Foul Ball, location: 2F
0-2: Fly out, F8 (Flyball, 8RD, EV 85.6 MPH)
Bottom of the 7th over - 4 runs, 3 hits, 0 errors, 1 left on base; Sacramento 6 - Gwinnett 8
TOP OF THE 8TH
Sacramento River Cats batting - Pitching for Gwinnett Braves : RHP Chong-hun Park
Pitching: LHP Kyle Krull
Now in CF: Tim Rodgers
Now in RF: Davey Schonewille
Batting: LHB Nick Swank 0-0: Called Strike
0-1: Ball
1-1: Foul Ball, location: 2F
1-2: SINGLE (Line Drive, 89S, EV 111.2 MPH)
Pitching: RHP Mike Willig
Batting: RHB Tyler Mapes 0-0: Ball
1-0: Called Strike
1-1: Swinging Strike
1-2: Strikes out swinging
Batting: LHB Cesar Arteaga 0-0: Ball
1-0: Called Strike
1-1: Foul Ball, location: 2F
1-2: Fly out, F8 (Flyball, 89D, EV 96.9 MPH)
Pinch Hitting: LHB Willie Ceniceros 0-0: Ball
1-0: Foul Ball, location: 2F
1-1: Swinging Strike
1-2: SINGLE (Groundball, 25, EV 65.0 MPH) (infield hit)
Nick Swank to second
Batting: LHB Carey Horncole 0-0: Swinging Strike
0-1: Swinging Strike
0-2: Ball
1-2: Ball
2-2: Ball
3-2: Strikes out swinging
Top of the 8th over - 0 runs, 2 hits, 0 errors, 2 left on base; Sacramento 6 - Gwinnett 8
BOTTOM OF THE 8TH
Gwinnett Braves batting - Pitching for Sacramento River Cats : RHP Taiji Morita
Now at SS: Jack Toole
Now in RF: Carey Horncole
Batting: RHB Xavier Castellanos 0-0: Ball
1-0: Ball
2-0: Ball
3-0: Base on Balls
Batting: RHB T.J. Jordan 0-0: Ball
1-0: Bunted foul
1-1: Sac Bunt to 3S - play at first, batter OUT! 3-1
Xavier Castellanos to second
Batting: LHB Davey Schonewille 0-0: Called Strike
0-1: Foul Ball, location: 2F
0-2: Fly out, F9 (Line Drive, 9S, EV 95.0 MPH)
Batting: RHB Luis Revilla 0-0: Ball
1-0: Ball
2-0: Called Strike
2-1: Called Strike
2-2: Ball
3-2: Base on Balls
Batting: SHB Tim Rodgers 0-0: Called Strike
0-1: Ball
1-1: Hit by Pitch
Xavier Castellanos to third
Luis Revilla to second
Batting: LHB Helge Jivotovsky 0-0: Fly out, F9 (Flyball, 89S, EV 91.2 MPH)
Bottom of the 8th over - 0 runs, 0 hits, 0 errors, 3 left on base; Sacramento 6 - Gwinnett 8
TOP OF THE 9TH
Sacramento River Cats batting - Pitching for Gwinnett Braves : RHP Mike Willig
Batting: RHB Nate Hodson 0-0: Ball
1-0: Called Strike
1-1: SINGLE (Groundball, 6M, EV 106.9 MPH) (infield hit)
Batting: LHB David Ramirez 0-0: Ball
1-0: Ground out 4-3 (Groundball, 34, EV 103.8 MPH)
Nate Hodson to second
Batting: LHB Juan Gonzalez 0-0: Swinging Strike
0-1: Ball
1-1: Ball
2-1: Ball
3-1: Base on Balls
Pinch Hitting: LHB Terry Ebersole 0-0: Foul Ball, location: 2F
0-1: Foul Ball, location: 2F
0-2: Ball
1-2: Ball
2-2: Foul Ball, location: 2F
2-2: DOUBLE (Groundball, 3L, EV 105.6 MPH)
Nate Hodson scores
Juan Gonzalez to third
Batting: LHB Nick Swank 0-0: Called Strike
0-1: Ball
1-1: Foul Ball, location: 2F
1-2: Ball
2-2: Fly out, F7 (Flyball, 78M, EV 91.9 MPH)
Runner from 3rd tags up, SCORES, throw by LF
Terry Ebersole to third
Pitching: RHP Alan Shanahan
Batting: RHB Tyler Mapes 0-0: Called Strike
0-1: Called Strike
0-2: Fly out, F7 (Line Drive, 78M, EV 104.4 MPH)
Top of the 9th over - 2 runs, 2 hits, 0 errors, 1 left on base; Sacramento 8 - Gwinnett 8
BOTTOM OF THE 9TH
Gwinnett Braves batting - Pitching for Sacramento River Cats : RHP Taiji Morita
Pitching: RHP Pat Richardson
Now in CF: Roberto Duron
Batting: RHB Jesse Lester 0-0: Called Strike
0-1: Ball
1-1: Ball
2-1: Swinging Strike
2-2: Strikes out swinging
Batting: LHB Sam Dowdy 0-0: Called Strike
0-1: Foul Ball, location: 2F
0-2: Foul Ball, location: 2F
0-2: Fly out, F9 (Flyball, 89M, EV 75.6 MPH)
Batting: RHB Alex Munoz 0-0: Swinging Strike
0-1: Called Strike
0-2: Ball
1-2: Ball
2-2: Ball
3-2: Strikes out looking
Bottom of the 9th over - 0 runs, 0 hits, 0 errors, 0 left on base; Sacramento 8 - Gwinnett 8
TOP OF THE 10TH
Sacramento River Cats batting - Pitching for Gwinnett Braves : RHP Alan Shanahan
Batting: LHB Cesar Arteaga 0-0: Ball
1-0: Ball
2-0: Called Strike
2-1: Ball
3-1: Base on Balls
Batting: RHB Jack Toole 0-0: Bunted foul
0-1: Called Strike
Cesar Arteaga steals 2nd base
0-2: Ball
1-2: Ball
2-2: Reached on error, E5 (Groundball, 56, EV 100.0 MPH)
Cesar Arteaga to third
Batting: LHB Carey Horncole 0-0: Called Strike
0-1: Swinging Strike
0-2: Ball
1-2: Ball
2-2: SINGLE (Flyball, 34D, EV 89.4 MPH)
Cesar Arteaga scores
Jack Toole to second
Runner from 2nd tries for 3rd, SAFE, throw by RF made to third
Batting: RHB Nate Hodson 0-0: Foul Ball, location: 2F
0-1: Foul Ball, location: 2F
0-2: Ball
1-2: Ball
2-2: Strikes out swinging
Batting: LHB David Ramirez 0-0: Ball
1-0: Foul Ball, location: 2F
1-1: Called Strike
Carey Horncole steals 2nd base
1-2: Strikes out swinging
Batting: LHB Juan Gonzalez 0-0: Ball
1-0: Ball
2-0: Ball
3-0: Called Strike
3-1: Ground out 4-3 (Groundball, 4, EV 81.9 MPH)
Top of the 10th over - 1 run, 1 hit, 1 error, 2 left on base; Sacramento 9 - Gwinnett 8
BOTTOM OF THE 10TH
Gwinnett Braves batting - Pitching for Sacramento River Cats : RHP Pat Richardson
Pitching: RHP Tim Rymut
Batting: RHB Xavier Castellanos 0-0: SINGLE (Groundball, 4MD, EV 110.0 MPH)
Batting: RHB T.J. Jordan 0-0: Bunted foul
0-1: Ball
1-1: Bunt missed!
1-2: Strikes out swinging
Batting: LHB Davey Schonewille 0-0: Ball
1-0: Called Strike
1-1: Swinging Strike
1-2: Foul Ball, location: 2F
1-2: Ball
2-2: Foul Ball, location: 2F
2-2: Ball
3-2: Base on Balls
Xavier Castellanos to second
Batting: RHB Luis Revilla 0-0: Called Strike
0-1: Ball
1-1: Grounds into double play, 4-6-3 (Groundball, 4M, EV 84.4 MPH)
Bottom of the 10th over - 0 runs, 1 hit, 0 errors, 1 left on base; Sacramento 9 - Gwinnett 8
Wednesday, June 22nd , 2022 - OOTP Baseball 23.4 Build 64